 Dungeon Crawl Stone Soup version 0.18.1-48-g4cf74bf (webtiles) character file.

142 WarriorsX the Covered (level 5, -2/41 HPs)
             Began as a Human Fighter on July 31, 2016.
             Killed from afar by an orc wizard (8 damage)
             ... with a puff of flame
             ... on level 3 of the Dungeon.
             The game lasted 00:04:32 (2143 turns).

WarriorsX the Covered (Human Fighter)               Turns: 2143, Time: 00:04:32

Health: -2/41      AC:  7    Str: 17    XL:     5   Next: 49%
Magic:  5/5        EV:  7    Int:  9    God:
Gold:   58         SH:  0    Dex: 12    Spells: 0 memorised, 4 levels left

rFire  . . .     SeeInvis .     a - +0 long sword
rCold  . . .     Gourm    .     b - +0 scale mail
rNeg   . . .     Faith    .     c - +0 shield
rPois  .         Spirit   .     (no helmet)
rElec  .         Dismiss  .     (no cloak)
rCorr  .         Reflect  .     (no gloves)
SustAt .         Harm     .     (no boots)
MR     .....                    (no amulet)
Stlth  ..........               (no ring)
                                (no ring)

@: confused, not resistant to hostile enchantments, extremely unstealthy
A: no striking features
a: no special abilities


You were on level 3 of the Dungeon.
You were very hungry.

You visited 1 branch of the dungeon, and saw 3 of its levels.

You collected 58 gold pieces.

Inventory:

Hand Weapons
 a - a +0 long sword (weapon)
Armour
 b - a +0 scale mail (worn)
 c - a +0 shield (worn)
 j - a +0 cloak
 m - a +2 pair of gloves
Wands
 t - a wand of lightning (4/15)
Scrolls
 g - 2 scrolls of teleportation {unknown}
 h - a scroll of identify {unknown}
 i - 2 scrolls of remove curse {unknown}
 n - a scroll of fear {unknown}
 o - a scroll of recharging {unknown}
 q - a scroll of random uselessness {unknown}
Potions
 d - a potion of might
 e - a potion of cure mutation {unknown}
 l - a potion of agility {unknown}
 p - a potion of brilliance {unknown}
 r - a potion of degeneration {unknown}
 s - a potion of heal wounds {unknown}
Comestibles
 f - a bread ration
 k - 3 slices of pizza


   Skills:
 + Level 3.3 Fighting
 + Level 2.8 Long Blades
 + Level 4.2 Armour
 + Level 4.1 Shields


You had 4 spell levels left.
You didn't know any spells.

Dungeon Overview and Level Annotations

Branches:
Dungeon (3/15)

Altars:
Kikubaaqudgha


Message History

The orc barely misses you. You block the orc wizard's attack.
You block something's attack. You block the orc's attack.
You closely miss the orc wizard.
The orc wizard is lightly wounded.
The orc wizard hits you but does no damage.
The goblin shoots a stone.
The stone hits you but does no damage. Something hits you but does no damage.
You block the orc wizard's attack. You block the orc's attack.
You hit the orc wizard.
The orc wizard is heavily wounded.
The orc wizard hits you but does no damage.
The goblin shoots a stone.
The stone hits you but does no damage.
You hear some strange, mumbled words.
You are confused.
The orc wizard hits you but does no damage.
The orc hits you but does no damage.
You hear some strange, mumbled words.
A puff of flame appears from out of thin air!
The puff of flame hits you!
You die...

[#.##.# #(# .#.##.#
####(# .#..#.# #...(#
.##.#.# #....# .##.#)#
#†...# .##.#.# #(...#
.##...# #....#
.###.)###########oo..#
.....>.........o@{g..#
######################
###### .....# ####.#


You could see an orc wizard, 2 orcs and a goblin.

Vanquished Creatures
  2 orc wizards (D:3)
  An adder (D:3)
  2 worms
  A giant gecko (D:2)
  5 orcs
  3 ball pythons
  2 bats (D:3)
  2 bat zombies (D:3)
  3 giant cockroaches
  6 goblins
  5 hobgoblins
  3 jackals (D:1)
  7 kobolds
  A quokka (D:3)
  3 giant newts
  8 rats
  2 rat zombies (D:3)
56 creatures vanquished.

Vanquished Creatures (others)
  An orc wizard (D:3)
1 creature vanquished.

Grand Total: 57 creatures vanquished

Notes
Turn   | Place    | Note
--------------------------------------------------------------
     0 | D:1      | WarriorsX the Human Fighter began the quest for the Orb.
     0 | D:1      | Reached XP level 1. HP: 18/18 MP: 1/1
   176 | D:1      | Reached XP level 2. HP: 23/24 MP: 2/2
   768 | D:2      | Reached XP level 3. HP: 29/29 MP: 3/3
  1061 | D:2      | You fall through a shaft!
  1096 | D:3      | Found an ancient bone altar of Kikubaaqudgha.
  1124 | D:3      | Reached XP level 4. HP: 19/35 MP: 4/4
  1667 | D:3      | Reached XP level 5. HP: 19/41 MP: 5/5
  1675 | D:3      | HP: 2/41 [orc wizard/puff of flame (4)]
  2143 | D:3      | Killed from afar by an orc wizard

Skill      XL: |  1  2  3  4  5 |
---------------+----------------+-----
Armour         | 4 |  4.2
Shields        | 4 |  4.1
Fighting       | |  3.3
Long Blades    | |  2.8

Action                   |  1- 3 |  4- 6 || total
-------------------------+-------+-------++-------
Melee: Long sword        |   115 |   118 ||   233
  Eat: Chunk             |       |     3 ||     3
Armor: Scale mail        |    71 |    65 ||   136
Dodge: Dodged            |    44 |    38 ||    82
Block: Shield            |    75 |    63 ||   138
